 Dungeon Crawl Stone Soup version 0.22-a0-407-gb098539 (webtiles) character file.

83675 dstrtnsr the Severer (level 15, -8/145 HPs)
             Began as a Hill Orc Berserker on May 9, 2018.
             Was a High Priest of Trog.
             Mangled by a salamander
             ... wielding a +1 trident of venom
              (10 damage)
             ... on level 1 of the Snake Pit on May 10, 2018.
             The game lasted 00:19:35 (22049 turns).

dstrtnsr the Severer (Hill Orc Berserker)          Turns: 22049, Time: 00:19:36

Health: -8/145     AC: 30    Str: 29    XL:     15   Next: 77%
Magic:  22/22      EV: 10    Int: 10    God:    Trog [*****.]
Gold:   1563       SH:  0    Dex: 10    Spells: 14/14 levels left

rFire    . . .     SeeInvis .   a - +2 battleaxe (elec)
rCold    . . .     Gourm    .   (shield currently unavailable)
rNeg     + . .     Faith    .   r - +1 plate armour
rPois    .         Spirit   .   u - +2 helmet
rElec    .         Reflect  .   (no cloak)
rCorr    .         Harm     .   E - +2 pair of gloves
MR       +++..                  t - +2 pair of boots
Stlth    ..........             M - amulet of the acrobat
HPRegen  0.34/turn              L - ring of Bihiabb {rN+ AC+3 Str+2}
MPRegen  0.18/turn              T - ring of the Mage {Wiz MR++ Int+3}

@: lethally poisoned (-8 -> -82), berserk cooldown, slowed, very slow
A: no striking features
a: Berserk, Trog's Hand, Brothers in Arms, Renounce Religion


You were on level 1 of the Snake Pit.
You worshipped Trog.
Trog was extremely pleased with you.
You were near starving.

You visited 3 branches of the dungeon, and saw 22 of its levels.

You collected 1905 gold pieces.
You spent 342 gold pieces at shops.

Inventory:

Hand Weapons
 a - a +2 battleaxe of electrocution (weapon)
 q - a +4 antimagic broad axe
 v - a +1 war axe
 w - a +1 battleaxe of flaming
 K - a +0 battleaxe
 P - a +3 antimagic war axe
Missiles
 k - 2 throwing nets (quivered)
Armour
 m - a +0 buckler
 r - a +1 plate armour (worn)
 t - a +2 pair of boots (worn)
 u - a +2 helmet (worn)
 z - a +0 large shield
 E - a +2 pair of gloves (worn)
 H - a cursed +0 shield
Jewellery
 c - an uncursed ring of protection from cold
 L - the ring of Bihiabb (left hand) {rN+ AC+3 Str+2}
   (You found it on level 6 of the Lair of Beasts)

   [ring of protection]

   It affects your AC (+3).
   It affects your strength (+2).
   It protects you from negative energy.
 M - an amulet of the acrobat (around neck)
 T - the ring of the Mage (right hand) {Wiz MR++ Int+3}
   (You found it on level 14 of the Dungeon)

   [ring of wizardry]

   It improves your spell success rate.
   It affects your intelligence (+3).
   It affects your resistance to hostile enchantments.
Wands
 x - a wand of scattershot (2)
 C - a wand of acid (6)
 D - a wand of disintegration (22)
 I - a wand of iceblast (20)
 V - a wand of digging (41)
Scrolls
 b - a scroll of immolation
 d - 4 scrolls of enchant armour
 g - 3 scrolls of fog
 l - a scroll of fear
 o - 8 scrolls of remove curse {@r2}
 s - 3 scrolls of magic mapping
 y - 11 scrolls of identify {@r1}
 F - 4 scrolls of blinking
 O - 9 scrolls of teleportation {!d}
 R - 3 scrolls of summoning {unknown}
 S - a scroll of acquirement {unknown}
 U - a scroll of vulnerability {unknown}
Potions
 f - 4 potions of lignification
 h - 6 potions of heal wounds
 i - 3 potions of haste
 n - 4 potions of brilliance
 p - a potion of ambrosia
 A - 2 potions of invisibility
 B - 2 potions of might
 G - 7 potions of curing {@q1}
 J - a potion of agility
 Q - 3 potions of cancellation
Miscellaneous
 j - a lightning rod (4/4)
 N - a phantom mirror
Comestibles
 e - 30 rations {!d}


   Skills:
 * Level 16.7 Fighting
 - Level 20.0 Axes
 * Level 12.9 Armour
 + Level 6.0 Dodging
 - Level 4.0 Shields
 + Level 9.6 Evocations


You had 14 spell levels left.
You didn't know any spells.

Dungeon Overview and Level Annotations

Branches:
Dungeon (15/15)            Temple (0/1) D:5            Lair (6/6) D:10
 Shoals (0/4) Lair:4        Snake (1/4) Lair:3        Slime (0/5) Lair:6
    Orc (0/2) D:11         Vaults (0/5) D:13         Depths (0/5) D:15

Altars:
Ashenzari
Hepliaklqana
Makhleb
Ru
Trog

Shops:
D:5 :   D:9 *(*=(   D:11 %

Portals:
Hell: Lair:6

Annotations:
D:5 2 transporters
D:13 exclusion: ice statue
Lair:2 exclusion: 2 oklob plants


Message History

You are more poisoned.
You slice the naga warrior!!
Lightning courses through the naga warrior!
The naga warrior is almost dead.
You feel sick.
You closely miss the naga warrior.
The naga warrior is almost dead.
You feel sick.
The naga sharpshooter shoots a bolt.
The bolt barely misses you. The naga warrior closely misses you.
The naga warrior barely misses you. The naga hits you but does no damage.
The naga sharpshooter unwields an uncursed war axe.
The naga sharpshooter wields an uncursed arbalest.
The naga sharpshooter mumbles some strange words.
The naga sharpshooter magically shoots a bolt.
The bolt hits you.
You slash the naga warrior!
Lightning courses through the naga warrior!
You feel the power of Trog in you as your rage grows.
You kill the naga warrior!
Trog accepts your kill.
You slash the naga! Lightning courses through the naga!
You kill the naga!
Trog accepts your kill. Something appears at your feet!
Trog grants you a weapon!
You feel sick. The salamander closely misses you.
You feel very sick.
The naga sharpshooter shoots a bolt.
The bolt misses you.
Things that are here:
a flail; a glaive; a naga corpse Your plate armour prevents you from hitting the salamander.
You slash the naga sharpshooter!
You feel sick.
The salamander hits you with a trident of venom!
You are engulfed in flames!
You are more poisoned.
The naga spits poison at you. The splash of poison hits you!
You are more poisoned.
Unknown command.
You closely miss the naga sharpshooter.
The naga sharpshooter is lightly wounded.
You slash the salamander!
You feel sick.
You slash the salamander!
The salamander is heavily wounded.
You hit the naga sharpshooter.
You feel sick. The naga closely misses you.
You barely miss the salamander.
The salamander is heavily wounded.
You hit the naga sharpshooter.
Lightning courses through the naga sharpshooter!
You feel very sick.
The salamander hits you but does no damage.
You are more poisoned.
The naga sharpshooter shoots a bolt.
The bolt hits you but does no damage.
Your plate armour prevents you from hitting the salamander.
The salamander is heavily wounded.
You completely miss the naga sharpshooter.
You closely miss the naga.
You are no longer berserk.
You are exhausted.
You feel yourself slow down.
You feel very sick.
Unknown command.
You hit the salamander but do no damage.
The salamander is heavily wounded.
You slash the naga sharpshooter!
Lightning courses through the naga sharpshooter!
You hit the naga. Lightning courses through the naga!
You feel very sick.
The naga hits you from afar with a halberd!
The salamander hits you but does no damage.
The naga sharpshooter shoots a bolt.
The bolt hits you but does no damage. The naga hits you with a long sword!
The naga closely misses you.
The naga sharpshooter unwields an uncursed halberd of venom.
It stops dripping with poison.
The naga sharpshooter wields an uncursed shortbow.
The naga sharpshooter gestures wildly while chanting.
The naga sharpshooter magically shoots an arrow.
The arrow hits you but does no damage.
You are too injured to fight recklessly!
You are too injured to fight recklessly!
Your iron troll goes berserk!
You are near starving!
* * * LOW HITPOINT WARNING * * *
You feel extremely sick.
The salamander hits you with a trident of venom!
* * * LOW HITPOINT WARNING * * *
You are engulfed in flames!
* * * LOW HITPOINT WARNING * * *
You are more poisoned.
The naga hits you but does no damage.
The naga sharpshooter spits poison at you.
The splash of poison hits you!
You are more poisoned.
The naga hits you with a long sword.
* * * LOW HITPOINT WARNING * * *
The naga barely misses you.
The salamander hits you with a trident of venom!
* * * LOW HITPOINT WARNING * * *
You are engulfed in flames!
You die...

##############
##..(.#T......#..
########.....((().......
#............#.)@N......
............##.)NN.)....
####..##'######N........
####..##.... ..##N.###.
................# ..N.
.......#........# .....
.###...#......... ...#.
.# ##..#........# #..#
.####..##....


You could see 3 naga sharpshooters, a salamander, 2 nagas and a friendly iron
troll (berserk).

Vanquished Creatures
  A dire elephant (D:15)
  8 hydras
  3 naga warriors (Snake:1)
  4 centaur warriors
  6 two-headed ogres
  2 anacondas (Snake:1)
  A death yak (Lair:6)
  7 naga sharpshooters (Snake:1)
  2 tengu warriors
  Sonja (D:15)
  9 skeletal warriors
  A sixfirhy (Lair:6)
  4 unseen horrors
  A necromancer (D:13)
  Pikel (D:9)
  A naga ritualist (Snake:1)
  A deep elf mage (D:13)
  2 cyclopes
  2 wizards
  3 mana vipers (Snake:1)
  3 ugly things
  A wolf spider (D:15)
  A manticore (D:13)
  An oklob plant (Lair:6)
  2 salamanders
  2 naga magi (Snake:1)
  2 centaur zombies
  6 black mambas
  A smoke demon (Lair:6)
  Psyche (D:9)
  A guardian serpent (Snake:1)
  3 gargoyles
  2 orange demons (Lair:6)
  A torpor snail (Lair:3)
  11 spiny frogs
  An efreet (D:15)
  5 kobold demonologists
  7 rime drakes
  A redback zombie (D:14)
  4 ice devils (Lair:6)
  6 komodo dragons
  10 trolls
  A polar bear (Lair:6)
  12 blink frogs
  A hornet (D:13)
  A dream sheep (Lair:6)
  10 hippogriffs
  13 slime creatures
  A shadow (D:11)
  A spriggan (Lair:1)
  6 wyverns
  A wraith (D:13)
  3 fire bats (Lair:5)
  36 yaks
  A basilisk (D:15)
  Menkaure (D:4)
  2 wargs (D:11)
  3 vampire mosquitoes (D:14)
  11 nagas (Snake:1)
  2 soldier ants
  18 water moccasins
  3 hell hounds (Lair:6)
  Duvessa (D:6)
  8 porcupines
  3 orc warriors
  2 sky beasts
  2 ice beasts
  4 slaves (D:9)
  The ghost of dstrtnsr the Chopper, an amateur HOBe of Trog (D:4)
  4 eyes of draining
  2 phantoms
  5 ogres
  4 wolves (Lair:6)
  A necrophage (D:9)
  20 centaurs
  12 crocodiles
  3 big kobolds
  8 bullfrogs
  3 scorpions
  A water moccasin skeleton (D:6)
  A wyvern skeleton (D:13)
  Dowan (D:6)
  18 killer bees
  2 howler monkeys
  4 electric eels
  8 crimson imps
  2 bullfrog zombies
  3 bullfrog skeletons
  7 hounds
  5 centaur skeletons
  7 orc priests
  A gnoll shaman (D:5)
  6 orc wizards
  5 iguanas
  Jessica (D:3)
  10 worker ants
  A killer bee zombie (D:9)
  5 gnolls (D:5)
  10 adders
  A shadow imp (D:12)
  An ooze (D:2)
  An adder zombie (D:7)
  3 worms
  A dart slug (D:1)
  2 leopard geckos
  34 orcs
  A giant cockroach (D:2)
  3 goblins
  3 hobgoblins
  12 jackals
  16 kobolds
  2 quokkas
  A ball python (D:2)
  2 bats (D:1)
  3 frilled lizards
  A quokka skeleton (D:5)
  3 rats
  2 fungi
  3 plants
535 creatures vanquished.

Vanquished Creatures (collateral kills)
  An anaconda (Snake:1)
1 creature vanquished.

Vanquished Creatures (others)
  7 plants
7 creatures vanquished.

Grand Total: 543 creatures vanquished

Notes
Turn   | Place    | Note
-------+----------+-------------------------------------------
     0 | D:1      | dstrtnsr the Hill Orc Berserker began the quest for the Orb.
     0 | D:1      | Reached XP level 1. HP: 19/19 MP: 1/1
    52 | D:1      | HP: 7/20 [dart slug/slug dart (3)]
    54 | D:1      | HP: 3/20 [dart slug/slug dart (4)]
   487 | D:1      | Reached XP level 2. HP: 27/27 MP: 2/2
   756 | D:2      | Reached skill level 5 in Axes
   790 | D:2      | Reached XP level 3. HP: 33/33 MP: 3/3
  1061 | D:3      | Reached XP level 4. HP: 27/41 MP: 4/4
  1428 | D:3      | Found a bloodstained altar of Trog.
  1545 | D:3      | Noticed Jessica
  1551 | D:3      | Killed Jessica
  1551 | D:3      | Reached skill level 6 in Axes
  1864 | D:4      | Reached skill level 1 in Shields
  1864 | D:4      | Reached XP level 5. HP: 47/47 MP: 5/5
  2045 | D:4      | Noticed dstrtnsr's ghost (amateur HOBe)
  2046 | D:4      | Noticed Menkaure
  2055 | D:4      | Killed dstrtnsr's ghost
  2055 | D:4      | Reached skill level 5 in Fighting
  2055 | D:4      | Reached skill level 7 in Axes
  2055 | D:4      | Reached XP level 6. HP: 53/56 MP: 6/6
  2057 | D:4      | HP: 28/84 [??? (25)]
  2058 | D:4      | Killed Menkaure
  2179 | D:4      | Reached ** piety under Trog
  2423 | D:4      | Reached skill level 8 in Axes
  2423 | D:4      | Reached XP level 7. HP: 62/62 MP: 7/7
  3039 | D:5      | Entered Level 5 of the Dungeon
  3039 | D:5      | Found Dacae's Book Emporium.
  3375 | D:5      | Reached skill level 9 in Axes
  3466 | D:5      | Found a transporter.
  3466 | D:5      | Found a transporter.
  3493 | D:5      | Reached XP level 8. HP: 71/71 MP: 8/8
  3517 | D:5      | Found a staircase to the Ecumenical Temple.
  3738 | D:6      | Noticed Dowan
  3742 | D:6      | Noticed Duvessa
  3747 | D:6      | Killed Dowan
  3750 | D:6      | Reached *** piety under Trog
  3757 | D:6      | Killed Duvessa
  3757 | D:6      | Reached skill level 10 in Axes
  3937 | D:6      | Reached skill level 11 in Axes
  4205 | D:6      | Reached XP level 9. HP: 64/81 MP: 9/9
  4498 | D:7      | Reached skill level 12 in Axes
  4652 | D:7      | Found a shattered altar of Ashenzari.
  4918 | D:8      | Found a hazy altar of Hepliaklqana.
  4989 | D:8      | Reached skill level 13 in Axes
  5393 | D:9      | Noticed Psyche
  5402 | D:9      | Noticed Pikel
  5403 | D:9      | Killed Psyche
  5416 | D:9      | Killed Pikel
  5416 | D:9      | Reached skill level 14 in Axes
  5416 | D:9      | Reached XP level 10. HP: 89/93 MP: 10/10
  5417 | D:9      | Found Qoigod's Weapon Shop.
  5533 | D:9      | Found a sacrificial altar of Ru.
  5567 | D:9      | Reached **** piety under Trog
  5622 | D:9      | Found Safur's General Store.
  5629 | D:9      | Bought a potion of heal wounds for 75 gold pieces
  5629 | D:9      | Bought a potion of might for 60 gold pieces
  5629 | D:9      | Bought a scroll of enchant armour for 112 gold pieces
  5629 | D:9      | Bought a +0 pair of gloves for 67 gold pieces
  5635 | D:9      | Found Pynytzaf's Antique Weapon Shoppe.
  5648 | D:9      | Reached skill level 10 in Fighting
  5668 | D:9      | Noticed a two-headed ogre
  5674 | D:9      | Killed a two-headed ogre
  5887 | D:9      | Found Wueroext's General Store.
  5916 | D:9      | Bought a scroll of identify for 28 gold pieces
  5950 | D:9      | Reached skill level 15 in Axes
  6018 | D:9      | Found Ommeoc's Jewellery Emporium.
  6604 | D:10     | Entered Level 10 of the Dungeon
  6667 | D:10     | Reached skill level 1 in Evocations
  7080 | D:10     | Found a staircase to the Lair.
  7443 | Lair:1   | Entered Level 1 of the Lair of Beasts
  7570 | Lair:1   | Noticed a spiny frog
  7574 | Lair:1   | Killed a spiny frog
  7574 | Lair:1   | Reached XP level 11. HP: 82/102 MP: 12/12
  7575 | Lair:1   | Reached skill level 16 in Axes
  8287 | Lair:1   | You fall through a shaft!
  8702 | Lair:2   | Noticed a five-headed hydra
  8709 | Lair:2   | Killed a nine-headed hydra
  8709 | Lair:2   | Reached skill level 5 in Armour
  8813 | Lair:2   | Noticed a five-headed hydra
  8829 | Lair:2   | Killed a 13-headed hydra
  9077 | Lair:2   | Reached skill level 17 in Axes
  9083 | Lair:2   | Received a gift from Trog
  9175 | Lair:2   | Noticed an oklob plant
  9175 | Lair:2   | Noticed an oklob plant
  9653 | Lair:3   | Found a staircase to the Snake Pit.
  9697 | Lair:3   | Reached XP level 12. HP: 78/112 MP: 15/15
  9928 | Lair:3   | Noticed a four-headed hydra
  9936 | Lair:3   | Killed an eight-headed hydra
  9936 | Lair:3   | Reached skill level 5 in Evocations
 10465 | Lair:4   | Noticed a four-headed hydra
 10472 | Lair:4   | Killed an eight-headed hydra
 10541 | Lair:4   | Reached ***** piety under Trog
 10551 | Lair:4   | Found a staircase to the Shoals.
 10970 | Lair:4   | Reached skill level 18 in Axes
 11918 | Lair:5   | Found a dark tunnel.
 12287 | Lair:5   | Noticed an eight-headed hydra
 12300 | Lair:5   | Killed a 12-headed hydra
 12510 | Lair:5   | Reached XP level 13. HP: 122/122 MP: 17/17
 13307 | Lair:6   | Entered Level 6 of the Lair of Beasts
 13307 | Lair:6   | Found a staircase to the Slime Pits.
 13533 | Lair:6   | Found a labyrinth entrance.
 13910 | Lair:6   | Received a gift from Trog
 14034 | Lair:6   | Reached skill level 19 in Axes
 14828 | Lair:6   | Found a burning altar of Makhleb.
 14855 | Lair:6   | Found a gateway to Hell.
 14855 | Lair:6   | HP: 47/124 [burnt (13)]
 14863 | Lair:6   | Got a fine lapis lazuli ring
 14871 | Lair:6   | Identified the ring of Bihiabb {rN+ AC+3 Str+2} (You found it on level 6 of the Lair of Beasts)
 15723 | D:11     | Received a gift from Trog
 15734 | D:11     | Found a staircase to the Orcish Mines.
 15846 | D:11     | Reached XP level 14. HP: 91/132 MP: 19/19
 16271 | D:11     | Found Gasoaf's Food Shop.
 16586 | D:12     | Reached skill level 10 in Armour
 17696 | D:13     | Received a gift from Trog
 17709 | D:13     | Reached skill level 20 in Axes
 17810 | D:13     | Reached skill level 15 in Fighting
 18637 | D:14     | Found the ring of the Mage {Wiz MR++ Int+3}
 19197 | D:14     | Reached XP level 15. HP: 141/141 MP: 21/21
 19203 | D:14     | Received a gift from Trog
 19474 | D:15     | Entered Level 15 of the Dungeon
 19482 | D:15     | Reached skill level 5 in Dodging
 19853 | D:15     | Noticed Sonja
 19858 | D:15     | Killed Sonja
 19925 | D:15     | Found a staircase to the Depths.
 20756 | D:13     | Found a gate to the Vaults.
 20905 | Snake:1  | Entered Level 1 of the Snake Pit
 21108 | Snake:1  | HP: 57/144 [poisoned by a naga sharpshooter (splash of poison)]
 21113 | Snake:1  | HP: 45/144 [poisoned by a naga (splash of poison)]
 21118 | Snake:1  | HP: 24/144 [poisoned by a naga (splash of poison)]
 21123 | Snake:1  | HP: 17/145 [poisoned by a naga (splash of poison)]
 21129 | Snake:1  | HP: 15/145 [poisoned by a naga (splash of poison)]
 21134 | Snake:1  | HP: 15/145 [poisoned by a naga (splash of poison)]
 21141 | Snake:1  | HP: 15/145 [poisoned by a naga (splash of poison)]
 21149 | Snake:1  | HP: 16/145 [poisoned by a naga (splash of poison)]
 22041 | Snake:1  | Received a gift from Trog
 22048 | Snake:1  | HP: 58/145 [poisoned by a salamander]
 22049 | Snake:1  | HP: 17/145 [salamander/trident of venom (12)]
 22049 | Snake:1  | HP: 2/145 [salamander/trident of venom (11)]
 22049 | Snake:1  | Mangled by a salamander

Vault maps used:
D:1:      eino_arrival_druids_welcome
D:2:      first_ration
D:3:      lightli_temple_of_fire, uniq_jessica
D:4:      uniq_menkaure
D:5:      gammafunk_steamed_eel, minmay_temple_entry_purple_smoke, serial_shops,
          shop
D:6:      uniq_crazy_yiuf_cottage, uniq_prince_ribbit1, uniq_duvessa
D:7:      evilmike_ruin_ashenzari, serial_shops, shop_coins
D:8:      nicolae_overflow_hidden_temple
D:9:      nicolae_ru_awakened_eye, serial_shops, shop, shop, shop,
          nicolae_shop_statue_plus, shop, blue_anna_alchemist,
          water_boxes_lemuel, uniq_psyche, uniq_pikel
D:10:     dpeg_oklobed_lair
D:11:     erik_orc_4, serial_shops, nicolae_shop_statue_plus, grunt_ministairs_7
D:13:     david_vaults_1, serial_shops, statue_bzr,
          minmay_misc_feat_four_crosses
D:14:     serial_park_square2
D:15:     hangedman_depths_entry_try_elsewhere_first, hangedman_glass_teeth,
          spider_trap, uniq_sonja
Lair:1:   grunt_forest_large_clearing_hut
Lair:2:   dpeg_oklob_gauntlet
Lair:3:   dummy_snake_entry
Lair:4:   elwin_shoals_entry_rocks, guppyfry_lair_drakes, grunt_megastairs_3
Lair:5:   nicolae_volcano_entry_batcave, infiniplex_staircase_pool,
          serial_bayou_shore_a
Lair:6:   evil_forest, slime_dummy, lab_entry_generic
Snake:1:  portal_ice_cave_entry_pillars_three

Skill      XL: |  1  2  3  4  5  6  7  8  9 10 11 12 13 14 15 |
---------------+----------------------------------------------+-----
Fighting       | 4 5 6 8 9 11 12 13 14 15 16 | 16.7
Axes           | 5 6 7 8 9 11 14 15 17 18 19 20 | 20.0
Shields        | 1 2 3 4 |  4.0
Evocations     | 2 4 6 7 8 9 |  9.6
Armour         | 3 5 7 9 11 12 | 12.9
Dodging        | 3 4 6 |  6.0

Action                   |  1- 3 |  4- 6 |  7- 9 | 10-12 | 13-15 || total
-------------------------+-------+-------+-------+-------+-------++-------
Melee: Hand axe          |    84 |    34 |       |       |       ||   118
       War axe           |       |    17 |   300 |    55 |       ||   372
       Battleaxe         |       |       |       |   356 |   806 ||  1162
Invok: Berserk           |     5 |     6 |     9 |    17 |    24 ||    61
       Trog's Hand       |       |       |       |       |     2 ||     2
       Brothers in Arms  |       |       |       |       |     2 ||     2
Evoke: Wand              |       |       |       |       |     2 ||     2
  Use: Scroll            |       |     8 |     3 |    19 |     1 ||    31
 Stab: Distracted        |       |       |       |       |     1 ||     1
  Eat: Chunk             |     4 |    10 |    15 |    34 |    38 ||   101
       Ration            |       |       |     1 |     2 |     4 ||     7
Armor: Animal skin       |    11 |       |       |       |       ||    11
       Chain mail        |    45 |    28 |    31 |       |       ||   104
       Plate armour      |       |       |   119 |   326 |   486 ||   931
Dodge: Dodged            |    48 |    15 |    97 |   155 |   417 ||   732
Block: Buckler           |       |     6 |    50 |    17 |       ||    73

Table legend:
 A = Spawn XP
 B = Non-spawn XP
 C = Spawn XP percentage of total XP
 D = Spawn monster count
 E = Non-spawn monster count
 F = Spawn count percentage of total count
 G = Total turns spent on level
                    A         B        C        D         E        F      G
               +---------+---------+-------+---------+---------+-------+---------
         Total |       0 |  119537 |   0.0 |       0 |     527 |   0.0 | 22049
               +---------+---------+-------+---------+---------+-------+---------
           D:1 |       0 |      12 |   0.0 |       0 |       6 |   0.0 |   607
           D:2 |       0 |      51 |   0.0 |       0 |      12 |   0.0 |   337
           D:3 |       0 |      69 |   0.0 |       0 |       9 |   0.0 |   905
           D:4 |       0 |     578 |   0.0 |       0 |      16 |   0.0 |  1190
           D:5 |       0 |     670 |   0.0 |       0 |      17 |   0.0 |   693
           D:6 |       0 |    1047 |   0.0 |       0 |      25 |   0.0 |   499
           D:7 |       0 |     354 |   0.0 |       0 |      11 |   0.0 |   496
           D:8 |       0 |     947 |   0.0 |       0 |      13 |   0.0 |   639
           D:9 |       0 |    3571 |   0.0 |       0 |      20 |   0.0 |  1238
          D:10 |       0 |    1500 |   0.0 |       0 |      24 |   0.0 |   865
          D:11 |       0 |    4675 |   0.0 |       0 |      59 |   0.0 |  1060
          D:12 |       0 |    6783 |   0.0 |       0 |      24 |   0.0 |   767
          D:13 |       0 |   14930 |   0.0 |       0 |      42 |   0.0 |  1184
          D:14 |       0 |   11341 |   0.0 |       0 |      37 |   0.0 |  1273
          D:15 |       0 |   12714 |   0.0 |       0 |      25 |   0.0 |  1121
        Lair:1 |       0 |    2572 |   0.0 |       0 |      12 |   0.0 |   880
        Lair:2 |       0 |    6213 |   0.0 |       0 |      20 |   0.0 |  1107
        Lair:3 |       0 |    3723 |   0.0 |       0 |      13 |   0.0 |  1073
        Lair:4 |       0 |    7534 |   0.0 |       0 |      31 |   0.0 |  1381
        Lair:5 |       0 |    4655 |   0.0 |       0 |      17 |   0.0 |  1544
        Lair:6 |       0 |   17203 |   0.0 |       0 |      59 |   0.0 |  2046
       Snake:1 |       0 |   18395 |   0.0 |       0 |      35 |   0.0 |  1144
               +---------+---------+-------+---------+---------+-------+---------
